 Dungeon Crawl Stone Soup version 0.24.0-41-g2ae2f7f1be (webtiles) character file.

Game seed: 5390571508571724726, levelgen mode: deterministic

2850 FishyPogo the Martial Artist (level 9, -1/68 HPs)
             Began as a Gnoll Transmuter on Dec 14, 2019.
             Was a Priest of the Shining One.
             Slain by a warg (9 damage)
             ... on level 8 of the Dungeon.
             The game lasted 00:25:48 (6363 turns).

FishyPogo the Martial Artist (Gnoll Transmuter)     Turns: 6363, Time: 00:25:49

Health: -1/68      AC:  7    Str: 20    XL:     9   Next: 74%
Magic:  19/19      EV: 21    Int: 20    God:    the Shining One [***...]
Gold:   356        SH:  0    Dex: 17    Spells: 17/21 levels left

rFire    . . .     SeeInvis .     - Unarmed
rCold    . . .     Gourm    .   (no shield)
rNeg     + . .     Faith    .   b - +0 robe
rPois    .         Spirit   .   (no helmet)
rElec    .         Reflect  .   O - +0 cloak
rCorr    .         Harm     .   (no gloves)
MR       .....                  o - +0 pair of boots
Stlth    +.........             F - amulet of regeneration
HPRegen  0.21/turn              n - +3 ring of protection
MPRegen  0.16/turn              z - +5 ring of evasion

@: mighty, brilliant, starving, glowing
A: distributed training, fangs 1, strong nose
a: Divine Shield, Renounce Religion


You were on level 8 of the Dungeon.
You worshipped the Shining One.
The Shining One was most pleased with you.
You were starving.

You visited 1 branch of the dungeon, and saw 8 of its levels.

You collected 389 gold pieces.
You spent 33 gold pieces at shops.

Inventory:

Hand Weapons
 v - a +2 whip of freezing
 y - a +3 shortbow
 E - a +0 trident of venom
 H - a +0 long sword of venom
 L - a +2 spear of piercing
Missiles
 a - 115 arrows
 e - 275 stones (quivered)
 i - 39 poisoned darts
 m - 7 atropa-tipped darts
 u - 7 boomerangs
 w - 15 javelins
 K - a throwing net
Armour
 b - a +0 robe (worn)
 o - a +0 pair of boots (worn)
 O - a +0 cloak (worn)
Jewellery
 n - a +3 ring of protection (left hand)
 z - a +5 ring of evasion (right hand)
 F - an amulet of regeneration (around neck)
Wands
 C - a wand of enslavement (10)
 G - a wand of flame (18)
 J - a wand of acid (10)
Scrolls
 c - a scroll of amnesia {unknown}
 g - 2 scrolls of enchant armour {unknown}
 h - 2 scrolls of teleportation
 p - a scroll of fog {unknown}
 r - a scroll of immolation {unknown}
 t - 3 scrolls of remove curse
 I - a scroll of identify
 P - 3 scrolls of holy word {unknown}
Potions
 f - a potion of heal wounds
 j - 6 potions of curing
 k - a potion of brilliance
 l - 2 potions of haste {unknown}
 q - 2 potions of resistance
 s - 2 potions of might
 x - a potion of cancellation {unknown}
 A - 2 potions of magic {unknown}
 D - a potion of agility {unknown}
 M - a potion of lignification {unknown}
Comestibles
 d - 17 rations


   Skills:
 + Level 5.2 Fighting
 + Level 4.4 Short Blades
 + Level 4.4 Long Blades
 + Level 4.4 Axes
 + Level 4.4 Maces & Flails
 + Level 4.4 Polearms
 + Level 4.4 Staves
 + Level 4.4 Slings
 + Level 4.4 Bows
 + Level 4.4 Crossbows
 + Level 4.4 Throwing
 + Level 4.4 Armour
 + Level 6.4 Dodging
 + Level 4.4 Stealth
 + Level 4.4 Shields
 + Level 8.0 Unarmed Combat
 + Level 6.8 Spellcasting
 + Level 3.6 Conjurations
 + Level 3.6 Hexes
 + Level 3.6 Charms
 + Level 3.6 Summonings
 + Level 3.6 Necromancy
 + Level 3.6 Translocations
 + Level 5.3 Transmutations
 + Level 3.6 Fire Magic
 + Level 3.6 Ice Magic
 + Level 3.6 Air Magic
 + Level 3.6 Earth Magic
 + Level 3.6 Poison Magic
 + Level 4.9 Invocations
 + Level 4.4 Evocations


You had 17 spell levels left.
You knew the following spells:

 Your Spells              Type           Power        Failure   Level  Hunger
u - Spider Form           Tmut/Pois      #####.....   1%          3    #......
y - Beastly Appendage     Tmut           #####.       1%          1    None

Your spell library contained the following spells:

 Spells                   Type           Power        Failure   Level  Hunger
 Sticks to Snakes         Tmut           #####...     1%          2    None
 Ice Form                 Ice/Tmut       #####...     1%          4    ###....
 Blade Hands              Tmut           #####.....   3%          5    #####..


Dungeon Overview and Level Annotations

Branches:
Dungeon (8/15)             Temple (0/1) D:6            Lair (0/6) D:8

Altars:
Dithmenos
Fedhas
Hepliaklqana
Kikubaaqudgha
Okawaru
Ru
Sif Muna
Trog
Wu Jian
The Shining One

Shops:
D:5 !


Innate Abilities, Weirdness & Mutations

Your experience applies equally to all skills.
You have very sharp teeth.
Your uncanny sense of smell can sniff out nearby items.


Message History

The orc misses you.
The orc wizard mumbles some strange words.
The orc wizard seems to speed up.
The orc wizard completely misses you. The orc barely misses you.
You feel much better. The warg bites you!
* * * LOW HITPOINT WARNING * * *
The orc wizard points at you and mumbles some strange words.
The magic dart hits you.
* * * LOW HITPOINT WARNING * * *
The warg bites you.
* * * LOW HITPOINT WARNING * * *
Okay, then.
You punch the warg!
You kill the warg!
Your life force feels restored.
The orc wizard splashes around in the water.
The orc closely misses you.
Unknown command.
The warg bites you!
You die...

,,,,,,,****#.............#.#.##..
,,,,,,,*,,,#........##...........
,*,,,,,*,,,#........###......###.
,*,,,,,,,,,#.....................
,*,,,,,,..,*#..≈≈....##......##.#
,,,,,,,,...##.≈≈≈..).##......##.#
,,,,,,,,......o≈))...##......##.#
,,,,,,,,......oh.....##.........#
,,,,,,,,......oo@....##.........#
,****,,≈......###....####.......#
,,,**,,,......* #........###.....
,,,,*≈≈≈≈....,**#................
,,,,,,,,.....,,,...#.......#.....
,,,,,,,,....,,,,...#.............
,,,,,,,,....,,,,,...,............
,,,,*,,,,,,,,*,,,...,,.......≈...
,,,**,,,,,,,,*,,,,,,,,,,....≈≈≈..


You could see a warg, 2 orc wizards and 2 orcs.

Vanquished Creatures
  A spriggan (D:7)
  A warg (D:8)
  A steam dragon (D:7)
  Edmund (D:4)
  4 phantoms
  3 ogres
  2 centaurs
  5 bullfrogs
  A gnoll sergeant (D:7)
  5 wights
  An electric eel (D:8)
  A bullfrog zombie (D:6)
  4 crimson imps
  2 jellies
  6 orc priests
  A hound (D:6)
  3 iguanas
  3 orc wizards
  2 worker ants
  A hound skeleton (D:7)
  6 gnolls
  2 worker ant zombies
  10 adders
  2 shadow imps
  2 oozes
  2 adder skeletons
  An adder zombie (D:7)
  4 worms
  A dart slug (D:4)
  4 leopard geckos
  27 orcs
  4 ball pythons
  3 giant cockroaches
  7 goblins
  10 hobgoblins
  10 jackals
  6 kobolds
  A ball python skeleton (D:4)
  7 bats
  3 frilled lizards
  2 leopard gecko skeletons
  A leopard gecko zombie (D:8)
  7 rats
170 creatures vanquished.

Notes
Turn   | Place    | Note
-------+----------+-------------------------------------------
     0 | D:1      | FishyPogo the Gnoll Transmuter began the quest for the Orb.
     0 | D:1      | Reached XP level 1. HP: 17/17 MP: 6/6
   343 | D:1      | Reached XP level 2. HP: 21/23 MP: 5/7
   891 | D:1      | Reached XP level 3. HP: 20/28 MP: 7/9
   896 | D:1      | Learned a level 3 spell: Spider Form
  1028 | D:1      | Reached skill level 5 in Spellcasting
  1257 | D:2      | Reached skill level 1 in Invocations
  1326 | D:2      | Reached skill level 1 in Short Blades
  1326 | D:2      | Reached skill level 1 in Long Blades
  1326 | D:2      | Reached skill level 1 in Axes
  1326 | D:2      | Reached skill level 1 in Maces & Flails
  1326 | D:2      | Reached skill level 1 in Polearms
  1326 | D:2      | Reached skill level 1 in Staves
  1326 | D:2      | Reached skill level 1 in Slings
  1326 | D:2      | Reached skill level 1 in Bows
  1326 | D:2      | Reached skill level 1 in Crossbows
  1326 | D:2      | Reached skill level 1 in Throwing
  1326 | D:2      | Reached skill level 1 in Armour
  1326 | D:2      | Reached skill level 1 in Stealth
  1326 | D:2      | Reached skill level 1 in Shields
  1326 | D:2      | Reached skill level 1 in Evocations
  1326 | D:2      | Reached XP level 4. HP: 33/34 MP: 11/11
  1607 | D:2      | Reached skill level 1 in Conjurations
  1607 | D:2      | Reached skill level 1 in Hexes
  1607 | D:2      | Reached skill level 1 in Charms
  1607 | D:2      | Reached skill level 1 in Summonings
  1607 | D:2      | Reached skill level 1 in Necromancy
  1607 | D:2      | Reached skill level 1 in Translocations
  1607 | D:2      | Reached skill level 1 in Fire Magic
  1607 | D:2      | Reached skill level 1 in Ice Magic
  1607 | D:2      | Reached skill level 1 in Air Magic
  1607 | D:2      | Reached skill level 1 in Earth Magic
  1607 | D:2      | Reached skill level 1 in Poison Magic
  1671 | D:2      | Found a glowing golden altar of the Shining One.
  1680 | D:2      | Became a worshipper of the Shining One
  1745 | D:2      | Reached XP level 5. HP: 40/40 MP: 8/12
  2292 | D:3      | Reached XP level 6. HP: 41/47 MP: 7/13
  2435 | D:3      | Found an iron altar of Okawaru.
  2659 | D:4      | Noticed a phantom
  2708 | D:4      | You fall into a shaft and drop 3 floors!
  2720 | D:7      | Reached * piety under the Shining One
  2725 | D:7      | Reached skill level 5 in Dodging
  2728 | D:7      | Reached XP level 7. HP: 52/52 MP: 11/15
  2777 | D:6      | Reached skill level 7 in Unarmed Combat
  2801 | D:5      | Entered Level 5 of the Dungeon
  2827 | D:5      | Found an ancient bone altar of Kikubaaqudgha.
  2829 | D:5      | Found a hazy altar of Hepliaklqana.
  2857 | D:5      | Found an ornate altar of the Wu Jian Council.
  2970 | D:5      | Found Cubeacet's Distillery.
  2976 | D:5      | Bought a potion of curing for 33 gold pieces
  3108 | D:4      | Found a blossoming altar of Fedhas.
  3112 | D:4      | Found a sacrificial altar of Ru.
  3138 | D:4      | Reached ** piety under the Shining One
  3174 | D:4      | Reached XP level 8. HP: 47/60 MP: 12/16
  3192 | D:4      | Found a bloodstained altar of Trog.
  3241 | D:4      | Noticed Edmund
  3257 | D:4      | Killed Edmund
  4457 | D:5      | Found a shadowy altar of Dithmenos.
  4623 | D:6      | Found a staircase to the Ecumenical Temple.
  4839 | D:6      | Found a shimmering blue altar of Sif Muna.
  5335 | D:7      | Reached XP level 9. HP: 66/66 MP: 18/18
  5393 | D:7      | Reached skill level 5 in Transmutations
  6091 | D:7      | Reached skill level 5 in Fighting
  6206 | D:8      | Reached *** piety under the Shining One
  6343 | D:8      | Reached skill level 8 in Unarmed Combat
  6360 | D:8      | HP: 2/68 [warg (17)]
  6363 | D:8      | Slain by a warg

Levels and vault maps discovered:
D:1:      dpeg_arrival_round_c, layout_loops_corners, minmay_pentomino_t2
D:2:      layout_loops_ring, lemuel_round_altar
D:3:      layout_rooms, okawaru_ov_weapons_minmay
D:4:      layout_layer_cave, grunt_temple_overflow_open, first_ration,
          trog_three_pillars_becter, uniq_edmund
D:5:      layout_cave_pools, kennysheep_mini, gammafunk_temple_overflow_pools,
          serial_shops, shop_statue, basic_altar
D:6:      layout_basic, lemuel_crystal_altar, temple_fountains, serial_rivers,
          chequers_serial_rivers_large_a, chequers_serial_rivers_micro_b,
          chequers_serial_rivers_small_b, chequers_serial_rivers_room_b,
          chequers_serial_rivers_large_b, abandoned_shop, serial_bayou_crossing
D:7:      layout_rooms, minmay_misc_feat_encased, the_bakery,
          minmay_increasing_density
D:8:      layout_basic, nemelex_xobeh_ov_fountains_minmay,
          erik_lair_orcish_takeover, serial_shops, shop

Skill      XL: |  1  2  3  4  5  6  7  8  9 |
---------------+----------------------------+-----
Spellcasting   | 5 6 |  6.8
Invocations    | 1 2 3 4 |  4.9
Short Blades   | 1 2 3 4 |  4.4
Long Blades    | 1 2 3 4 |  4.4
Axes           | 1 2 3 4 |  4.4
Maces & Flails | 1 2 3 4 |  4.4
Polearms       | 1 2 3 4 |  4.4
Staves         | 1 2 3 4 |  4.4
Slings         | 1 2 3 4 |  4.4
Bows           | 1 2 3 4 |  4.4
Crossbows      | 1 2 3 4 |  4.4
Throwing       | 1 2 3 4 |  4.4
Armour         | 1 2 3 4 |  4.4
Stealth        | 1 2 3 4 |  4.4
Shields        | 1 2 3 4 |  4.4
Evocations     | 1 2 3 4 |  4.4
Conjurations   | 1 2 3 |  3.6
Hexes          | 1 2 3 |  3.6
Charms         | 1 2 3 |  3.6
Summonings     | 1 2 3 |  3.6
Necromancy     | 1 2 3 |  3.6
Translocations | 1 2 3 |  3.6
Fire Magic     | 1 2 3 |  3.6
Ice Magic      | 1 2 3 |  3.6
Air Magic      | 1 2 3 |  3.6
Earth Magic    | 1 2 3 |  3.6
Poison Magic   | 1 2 3 |  3.6
Fighting       | 3 4 5 |  5.2
Transmutations | 4 5 |  5.3
Dodging        | 5 6 |  6.4
Unarmed Combat | 7 8 |  8.0

Action                   |  1- 3 |  4- 6 |  7- 9 || total
-------------------------+-------+-------+-------++-------
Melee: Unarmed           |    77 |   134 |   317 ||   528
       Bite              |     4 |     7 |    10 ||    21
       Kick              |     3 |       |       ||     3
       Headbutt          |     2 |     9 |    15 ||    26
       Punch             |     2 |     1 |     3 ||     6
Throw: Stone             |     1 |    22 |     6 ||    29
 Cast: Beastly Appendage |    12 |    16 |    14 ||    42
       Spider Form       |     2 |     8 |    25 ||    35
 Abil: End Transformatio |       |       |     1 ||     1
  Use: Scroll            |       |     3 |     4 ||     7
       Potion            |       |       |     4 ||     4
 Stab: Sleeping          |     2 |       |       ||     2
  Eat: Chunk             |     1 |     5 |    12 ||    18
Armor: Robe              |     4 |    15 |    14 ||    33
       Skin              |     1 |     6 |     8 ||    15
Dodge: Dodged            |    55 |   117 |   251 ||   423
